 Dungeon Crawl Stone Soup version 0.16.1-4-g8e1b745 (webtiles) character file.

1685 xsansara the Cleaver (level 8, -1/73 HPs)
             Began as a Minotaur Berserker on Mar 26, 2015.
             Was an Elder of Trog.
             Slain by a goliath beetle (19 damage)
             ... on level 7 of the Dungeon.
             The game lasted 00:17:03 (5694 turns).

xsansara the Cleaver (Minotaur Berserker)           Turns: 5694, Time: 00:17:03

Health: -1/73      AC: 12    Str: 21    XL:     8   Next: 71%
Magic:  3/3        EV: 11    Int:  6    God:    Trog [****..]
Gold:   196        SH:  0    Dex: 16    Spells: 0 memorised, 7 levels left

rFire  . . .     SeeInvis .     D - +5 hand axe
rCold  . . .     Clarity  .     t - +0 chain mail
rNeg   . . .     SustAb   .     (no shield)
rPois  .         Gourm    .     (helmet restricted)
rElec  .         Spirit   .     (no cloak)
rCorr  +         Warding  .     f - +1 pair of gloves
rMut   .         Stasis   .     (no boots)
MR     .....                    K - amulet of resist corrosion
Stlth  ..........               v - ring of stealth
                                i - +5 ring of dexterity

@: not resistant to hostile enchantments, extremely unstealthy
A: retaliatory headbutt, horns 2
a: Burn Spellbooks, Berserk, Trog's Hand, Brothers in Arms, Renounce Religion


You were on level 7 of the Dungeon.
You worshipped Trog.
Trog was greatly pleased with you.
You were not hungry.

You visited 1 branch of the dungeon, and saw 7 of its levels.

You collected 196 gold pieces.

Inventory:

Hand weapons
 a - a +0 mace
 d - a +2 dagger of electrocution
 D - a +5 hand axe (weapon)
Missiles
 h - 4 javelins (quivered)
Armour
 b - a +0 animal skin
 f - a +1 pair of gloves (worn)
 m - a +0 leather armour
 t - a +0 chain mail (worn)
Jewellery
 i - a +5 ring of dexterity (left hand)
 v - a ring of stealth (right hand)
 K - an amulet of resist corrosion (around neck)
Magical devices
 o - a wand of digging (11)
 E - a wand of polymorph (15)
 H - a wand of flame (41)
 J - a wand of fireball (9)
 L - a wand of confusion (21)
Scrolls
 e - 4 scrolls of magic mapping
 n - a scroll of teleportation
 y - a scroll of enchant armour
 C - a scroll of amnesia {unknown}
Potions
 g - a potion of magic
 r - a potion of restore abilities
 w - a potion of curing {unknown}
 z - a potion of might {unknown}
 A - 3 potions of resistance
 B - a potion of brilliance {unknown}
 I - a potion of ambrosia {unknown}
Comestibles
 c - 8 bread rations
 j - 2 meat rations
 k - 3 chunks of flesh
 s - 8 slices of pizza
 x - 8 fruits
 F - 4 beef jerkies
 G - a royal jelly


   Skills:
 - Level 7.1 Fighting
 + Level 8.4(8.8) Axes
 - Level 3.8(6.6) Maces & Flails
 - Level 6.2 Armour
 - Level 5.5 Dodging


You had 7 spell levels left.
You didn't know any spells.

Dungeon Overview and Level Annotations

Branches:
Dungeon (7/15)             Temple (0/1) D:4

Altars:
Cheibriados
Kikubaaqudgha
Okawaru
The Shining One


Innate Abilities, Weirdness & Mutations

You reflexively headbutt those who attack you in melee.
You have a pair of horns on your head.


Message History

You hit the goliath beetle but do no damage.
The goliath beetle is severely wounded.
The goliath beetle bites you!
You hit the goliath beetle but do no damage.
Your headbutt misses the goliath beetle.
The goliath beetle is severely wounded.
You hit the goliath beetle.
You headbutt the goliath beetle, but do no damage.
The goliath beetle is severely wounded.
The goliath beetle bites you!!
* * * LOW HITPOINT WARNING * * *
You are too injured to fight recklessly!
You are too injured to fight recklessly!
You hit the goliath beetle but do no damage.
You headbutt the goliath beetle, but do no damage.
The goliath beetle is severely wounded.
You hit the goliath beetle.
The goliath beetle is almost dead.
The goliath beetle bites you!!
You die...

##...# .#. #..
.#..# ..... ..#..
....# ##....
...### ...##
###..... .......
...# ###......#
.......
#..####.........#
.......
#........#
#...### ........
.......#
#....####
........ .....###
#..@B...#
........ ..#..#
#.####......
....... ####.##
##.# #.. ...####
#..# #..# ..
##..## ##.##
###....## #..#
#.......####..#
.........##...##
...............#


You could see a goliath beetle.

Vanquished Creatures
  Grinder (D:3)
  A human (D:7)
  The ghost of magipi the Poker, an average CeWr (D:4)
  An orc warrior (D:6)
  2 ogres
  2 ice beasts
  A crimson imp (D:5)
  2 centaur zombies
  2 hounds
  A jelly (D:6)
  A centaur skeleton (D:6)
  A giant frog skeleton (D:4)
  5 worker ants
  3 iguanas
  4 sheep (D:7)
  Jessica (D:2)
  2 hound skeletons
  Terence (D:3)
  10 adders
  2 giant mites
  A worm (D:2)
  6 giant geckos
  An ooze (D:3)
  8 orcs
  A ball python (D:3)
  2 bat skeletons (D:4)
  A bat zombie (D:6)
  5 giant cockroaches
  10 goblins
  9 hobgoblins
  11 jackals
  3 quokkas
  15 bats
  A giant cockroach zombie (D:6)
  5 giant newts
  8 kobolds
  18 rats
149 creatures vanquished.

Notes
Turn   | Place    | Note
--------------------------------------------------------------
     0 | D:1      | xsansara, the Minotaur Berserker, began the quest for the Orb.
     0 | D:1      | Reached XP level 1. HP: 19/19 MP: 1/1
   489 | D:1      | Reached XP level 2. HP: 27/27 MP: 1/1
   831 | D:2      | Acquired Trog's second power
   868 | D:2      | Reached skill level 4 in Fighting
   868 | D:2      | Reached XP level 3. HP: 28/33 MP: 2/2
   928 | D:2      | Noticed Jessica
   931 | D:2      | Killed Jessica
  1018 | D:2      | Reached XP level 4. HP: 40/40 MP: 2/2
  1690 | D:3      | Noticed Grinder
  1694 | D:3      | Paralysed by Grinder for 3 turns
  1704 | D:3      | Killed Grinder
  1704 | D:3      | Reached skill level 5 in Fighting
  1704 | D:3      | Reached XP level 5. HP: 10/49 MP: 2/2
  1704 | D:3      | Reached XP level 6. HP: 11/56 MP: 3/3
  2355 | D:3      | Found an ancient bone altar of Kikubaaqudgha.
  2415 | D:3      | Noticed Terence
  2424 | D:3      | Killed Terence
  2424 | D:3      | Reached skill level 6 in Fighting
  3115 | D:4      | Reached skill level 5 in Armour
  3339 | D:4      | Found a staircase to the Ecumenical Temple.
  3339 | D:4      | Noticed magipi's ghost (average CeWr)
  3373 | D:4      | Killed magipi's ghost
  3373 | D:4      | Reached skill level 5 in Dodging
  3373 | D:4      | Reached XP level 7. HP: 54/64 MP: 3/3
  3809 | D:5      | Entered Level 5 of the Dungeon
  3903 | D:5      | Reached skill level 7 in Fighting
  4035 | D:5      | Acquired Trog's third power
  4070 | D:5      | Reached skill level 1 in Axes
  4360 | D:5      | Reached XP level 8. HP: 73/73 MP: 3/3
  4599 | D:6      | Reached skill level 5 in Axes
  5322 | D:7      | Found a snail-covered altar of Cheibriados.
  5364 | D:7      | Found a glowing golden altar of the Shining One.
  5399 | D:7      | Found an iron altar of Okawaru.
  5631 | D:7      | Reached skill level 8 in Axes
  5694 | D:7      | Slain by a goliath beetle

Action                   |  1- 3 |  4- 6 |  7- 9 || total
-------------------------+-------+-------+-------++-------
Melee: Dagger            |    29 |   102 |    59 ||   190
       Mace              |     7 |       |       ||     7
       Hand axe          |       |       |   118 ||   118
Throw: Javelin           |    28 |    15 |       ||    43
Invok: Trog's Hand       |       |     2 |       ||     2
       Berserk           |       |     1 |     1 ||     2
  Use: Scroll            |       |     1 |    12 ||    13
       Potion            |       |       |     1 ||     1
 Stab: Sleeping          |     1 |     1 |     8 ||    10
  Eat: Chunk             |       |     7 |     8 ||    15
       Royal jelly       |       |     1 |       ||     1
